cohdb
Replays
Latest Replays
All Replays
Popular Replays
Top Player Replays
Match Explorer
How It Works
Community
CoH3 Stats
Reddit
Sign in to upload your games and track your stats! →
Sign in with Steam
Match 45336908
Unlisted
Match 45336908
Overview
Messages
Build Orders
End
Construct Infanterie Kompanie
Pioneer Squad
Grenadier Squad
Grenadier Squad
MG 42 Machine Gun Team
Selects Breakthrough Battlegroup
Selects Assault Grenadiers
Selects Breakthrough
GrW 34 Mortar Team
Medical Station
Construct Panzergrenadier Kompanie
Panzergrenadier Squad
Pak 40 Anti-tank Gun Team
Selects Mechanized Assault Group
Selects Rapid Production
Pak 40 Anti-tank Gun Team
Panzergrenadier Squad
Construct Panzer Kompanie
Panzer IV Medium Tank
Pioneer Squad
Panzer IV Medium Tank
Repair Bunker
Selects Blitzkrieg
Pioneer Squad
Selects Tiger Heavy Tank
Tiger Heavy Tank
MG 42 Bunker
Medical Bunker
Panzer IV Medium Tank
pagep
7k this year for sure
WarBoss
GetSlaped
0
0
Comments
sign in to comment!
No comments posted yet!